SL
D.C. DIVIDED @ WIZARDING EXPRESS
06/08/2032
 
TOP OF THE 1ST
D.C. Divided batting - Pitching for Wizarding Express : LHP Javier Roldán
Pitching: LHP Javier Roldán
Batting: RHB Roberto Maestas 0-0: Swinging Strike
0-1: Foul Ball, location: 2F
0-2: SINGLE (Line Drive, 6MD)
Batting: RHB Arturo Rodríguez 0-0: Called Strike
0-1: Ground out 4-3 (Groundball, 34)
Roberto Maestas to second
Batting: RHB Wilbur Davis 0-0: Ball
1-0: Ball
2-0: Foul Ball, location: 2F
2-1: Ball
3-1: Fly out, F8 (Flyball, 8LD)
Runner from 2nd tags up, SAFE at 3rd with throw
Batting: RHB Mario Castillo 0-0: Foul Ball, location: 2F
0-1: Ball
1-1: Called Strike
1-2: Fly out, F7 (Flyball, 78M)
Top of the 1st over - 0 runs, 1 hit, 0 errors, 1 left on base; D.C. 0 - Wizarding 0
BOTTOM OF THE 1ST
Wizarding Express batting - Pitching for D.C. Divided : RHP Wally Copeland
Pitching: RHP Wally Copeland
Batting: RHB Ralph Cranford 0-0: Called Strike
0-1: Ball
1-1: Ball
2-1: Ball
3-1: Fly out, F8 (Flyball, 8RD)
Batting: LHB Cris Gonzáles 0-0: Swinging Strike
0-1: Foul Ball, location: 2F
0-2: Foul Ball, location: 2F
0-2: Ball
1-2: Ball
2-2: Fly out, F8 (Flyball, 89M)
Batting: LHB Nathan Tanner 0-0: SINGLE (Groundball, 15S) (infield hit)
Batting: LHB José Corona 0-0: Ball
1-0: Ball
Wild Pitch!
Nathan Tanner to second
2-0: Called Strike
2-1: Foul Ball, location: 2F
2-2: Ball
3-2: 2-RUN HOME RUN (Line Drive, 7LD), Distance : 347 ft
Batting: SHB Salvador Trevino 0-0: Ball
1-0: Ball
2-0: Foul Ball, location: 2F
2-1: Ball
3-1: Foul Ball, location: 2F
3-2: Strikes out swinging
Bottom of the 1st over - 2 runs, 2 hits, 0 errors, 0 left on base; D.C. 0 - Wizarding 2
TOP OF THE 2ND
D.C. Divided batting - Pitching for Wizarding Express : LHP Javier Roldán
Batting: LHB Obidiah Lewis 0-0: Called Strike
0-1: Foul Ball, location: 2F
0-2: Foul Ball, location: 2F
0-2: Ball
1-2: Foul Ball, location: 2F
1-2: Ball
2-2: Foul Ball, location: 2F
2-2: Ball
3-2: Fly out, F9 (Flyball, 9LS)
Batting: RHB Julián Salcido 0-0: Ball
1-0: SINGLE (Line Drive, 7S)
Batting: RHB Nick Boyd 0-0: Ball
1-0: SINGLE (Line Drive, 9S)
Julián Salcido to second
Runner from 2nd tries for 3rd, SAFE, no throw
Batting: RHB Tony Romero 0-0: Ball
1-0: SINGLE (Flyball, 8RS)
Julián Salcido scores
Nick Boyd to second
Batting: LHB Elmer Hudgins 0-0: Fly out, F7 (Flyball, 78M)
Batting: RHB Roberto Maestas 0-0: Swinging Strike
0-1: Ball
1-1: SINGLE (Line Drive, 4D)
Nick Boyd to third
Tony Romero to second
Runner from 3rd tries for Home, throw and OUT!
Top of the 2nd over - 1 run, 4 hits, 0 errors, 2 left on base; D.C. 1 - Wizarding 2
BOTTOM OF THE 2ND
Wizarding Express batting - Pitching for D.C. Divided : RHP Wally Copeland
Batting: RHB Paul Penrice 0-0: Ball
1-0: Called Strike
1-1: Ball
2-1: Ball
3-1: Swinging Strike
3-2: Base on Balls
Batting: RHB Gustavo Mateo 0-0: SINGLE (Flyball, 7LM)
Paul Penrice to second
Batting: LHB António Boccanegra 0-0: Foul Ball, location: 2F
0-1: Ball
1-1: Foul Ball, location: 2F
1-2: Fly out, F9 (Flyball, 89D)
Batting: RHB Frank Grimes 0-0: Ball
1-0: Called Strike
1-1: Foul Ball, location: 2F
1-2: Ball
2-2: Ball
3-2: Fly out, F4 (Line Drive, 4M)
Batting: RHB Ralph Cranford 0-0: Ball
1-0: Ball
2-0: Ball
3-0: Called Strike
3-1: Foul Ball, location: 2F
3-2: Base on Balls
Paul Penrice to third
Gustavo Mateo to second
Batting: LHB Cris Gonzáles 0-0: Foul Ball, location: 2F
0-1: Foul Ball, location: 2F
0-2: Ball
1-2: Ball
2-2: Ball
3-2: Foul Ball, location: 2F
3-2: Foul Ball, location: 2F
3-2: Base on Balls
Paul Penrice scores
Gustavo Mateo to third
Ralph Cranford to second
Batting: LHB Nathan Tanner 0-0: Ball
1-0: Ball
2-0: Foul Ball, location: 2F
2-1: Foul Ball, location: 2F
2-2: Ball
3-2: Fly out, F5 (Flyball, 5D)
Bottom of the 2nd over - 1 run, 1 hit, 0 errors, 3 left on base; D.C. 1 - Wizarding 3
TOP OF THE 3RD
D.C. Divided batting - Pitching for Wizarding Express : LHP Javier Roldán
Batting: RHB Arturo Rodríguez 0-0: Called Strike
0-1: Ground out 5-3 (Groundball, 56S)
Batting: RHB Wilbur Davis 0-0: Ball
1-0: Foul Ball, location: 2F
1-1: Swinging Strike
1-2: Foul Ball, location: 2F
1-2: SOLO HOME RUN (Flyball, 78XD), Distance : 391 ft
Batting: RHB Mario Castillo 0-0: Foul Ball, location: 2F
0-1: SINGLE (Groundball, 5D)
Batting: LHB Obidiah Lewis 0-0: Ball
1-0: Foul Ball, location: 2F
1-1: Called Strike
1-2: Foul Ball, location: 2F
1-2: Strikes out swinging
Batting: RHB Julián Salcido 0-0: Called Strike
0-1: Swinging Strike
0-2: Strikes out swinging
Top of the 3rd over - 1 run, 2 hits, 0 errors, 1 left on base; D.C. 2 - Wizarding 3
BOTTOM OF THE 3RD
Wizarding Express batting - Pitching for D.C. Divided : RHP Wally Copeland
Batting: LHB José Corona 0-0: Ball
1-0: Foul Ball, location: 2F
1-1: Foul Ball, location: 2F
1-2: SOLO HOME RUN (Line Drive, 7LD), Distance : 326 ft
Batting: SHB Salvador Trevino 0-0: Ball
1-0: Called Strike
1-1: Ball
2-1: Called Strike
2-2: Ball
3-2: Foul Ball, location: 2F
3-2: Foul Ball, location: 2F
3-2: Base on Balls
Batting: RHB Paul Penrice 0-0: Called Strike
0-1: Swinging Strike
0-2: Ball
1-2: Foul Ball, location: 2F
1-2: Strikes out swinging
Batting: RHB Gustavo Mateo 0-0: Ball
1-0: Called Strike
1-1: Ball
2-1: Swinging Strike
2-2: Ball
3-2: 2-RUN HOME RUN (Flyball, 7LD), Distance : 331 ft
Batting: LHB António Boccanegra 0-0: Foul Ball, location: 2F
0-1: Swinging Strike
0-2: Ball
1-2: Ball
2-2: Strikes out looking
Batting: RHB Frank Grimes 0-0: Ball
1-0: Called Strike
1-1: Fly out, F3 (Popup, 3SF)
Bottom of the 3rd over - 3 runs, 2 hits, 0 errors, 0 left on base; D.C. 2 - Wizarding 6
TOP OF THE 4TH
D.C. Divided batting - Pitching for Wizarding Express : LHP Javier Roldán
Batting: RHB Nick Boyd 0-0: Ball
1-0: Called Strike
1-1: Called Strike
1-2: Strikes out looking
Batting: RHB Tony Romero 0-0: Ball
1-0: DOUBLE (Flyball, 8RD)
Batting: LHB Elmer Hudgins 0-0: Ball
1-0: Called Strike
1-1: Foul Ball, location: 2F
1-2: Foul Ball, location: 2F
1-2: Fly out, F3 (Line Drive, 3)
Batting: RHB Roberto Maestas 0-0: DOUBLE (Line Drive, 7LS)
Tony Romero scores
Batting: RHB Arturo Rodríguez 0-0: Ball
1-0: Ball
2-0: Ball
3-0: Base on Balls
Batting: RHB Wilbur Davis 0-0: Ball
1-0: 3-RUN HOME RUN (Flyball, 78XD), Distance : 387 ft
Batting: RHB Mario Castillo 0-0: Ball
1-0: Ball
2-0: Ground out 6-3 (Groundball, 6)
Top of the 4th over - 4 runs, 3 hits, 0 errors, 0 left on base; D.C. 6 - Wizarding 6
BOTTOM OF THE 4TH
Wizarding Express batting - Pitching for D.C. Divided : RHP Wally Copeland
Batting: RHB Ralph Cranford 0-0: Ball
1-0: Ball
2-0: SINGLE (Flyball, 7LS)
Pitching: RHP Jon Dunn
Batting: LHB Cris Gonzáles 0-0: Foul Ball, location: 2F
0-1: Ball
1-1: Ball
2-1: Ball
3-1: Called Strike
3-2: Strikes out swinging
Batting: LHB Nathan Tanner 0-0: Ball
1-0: Foul Ball, location: 2F
1-1: Ball
2-1: SINGLE (Groundball, 34S) (infield hit)
Ralph Cranford to second
Batting: LHB José Corona 0-0: Called Strike
0-1: Foul Ball, location: 2F
0-2: Ball
1-2: Strikes out swinging
Batting: SHB Salvador Trevino 0-0: Called Strike
0-1: Ball
1-1: Foul Ball, location: 2F
1-2: Ball
2-2: Foul Ball, location: 2F
2-2: Foul Ball, location: 2F
2-2: Foul Ball, location: 2F
2-2: Ball
3-2: Foul Ball, location: 2F
3-2: Strikes out swinging
Bottom of the 4th over - 0 runs, 2 hits, 0 errors, 2 left on base; D.C. 6 - Wizarding 6
TOP OF THE 5TH
D.C. Divided batting - Pitching for Wizarding Express : LHP Javier Roldán
Batting: LHB Obidiah Lewis 0-0: Foul Ball, location: 2F
0-1: Foul Ball, location: 2F
0-2: Strikes out looking
Batting: RHB Julián Salcido 0-0: Ball
1-0: Called Strike
1-1: Fly out, F4 (Popup, 34S)
Batting: RHB Nick Boyd 0-0: Ball
1-0: Ball
2-0: Called Strike
2-1: Ball
3-1: Base on Balls
Batting: RHB Tony Romero 0-0: Called Strike
0-1: Ball
1-1: Ball
2-1: SINGLE (Groundball, 6MD)
Nick Boyd to second
Runner from 2nd tries for 3rd, SAFE, no throw
Pitching: RHP Marv Bradford
Batting: LHB Elmer Hudgins 0-0: Called Strike
0-1: Swinging Strike
0-2: Strikes out looking
Top of the 5th over - 0 runs, 1 hit, 0 errors, 2 left on base; D.C. 6 - Wizarding 6
BOTTOM OF THE 5TH
Wizarding Express batting - Pitching for D.C. Divided : RHP Jon Dunn
Batting: RHB Paul Penrice 0-0: Called Strike
0-1: Ground out 5-3 (Groundball, 5S)
Batting: RHB Gustavo Mateo 0-0: Ball
1-0: Called Strike
1-1: Fly out, F8 (Flyball, 8LS)
Batting: LHB António Boccanegra 0-0: Ball
1-0: Fly out, F8 (Line Drive, 78D)
Bottom of the 5th over - 0 runs, 0 hits, 0 errors, 0 left on base; D.C. 6 - Wizarding 6
TOP OF THE 6TH
D.C. Divided batting - Pitching for Wizarding Express : RHP Marv Bradford
Batting: RHB Roberto Maestas 0-0: Bunt missed!
0-1: Called Strike
0-2: Fly out, F8 (Line Drive, 8LD)
Batting: RHB Arturo Rodríguez 0-0: Foul Ball, location: 2F
0-1: Ball
1-1: Ball
2-1: Ball
3-1: Foul Ball, location: 2F
3-2: Base on Balls
Batting: RHB Wilbur Davis 0-0: Ground out 6-3 (Groundball, 6)
Arturo Rodríguez to second
Batting: RHB Mario Castillo 0-0: Swinging Strike
0-1: Ball
1-1: Called Strike
1-2: Strikes out swinging
Top of the 6th over - 0 runs, 0 hits, 0 errors, 1 left on base; D.C. 6 - Wizarding 6
BOTTOM OF THE 6TH
Wizarding Express batting - Pitching for D.C. Divided : RHP Jon Dunn
Batting: RHB Frank Grimes 0-0: Foul Ball, location: 2F
0-1: Ball
1-1: Called Strike
1-2: Foul Ball, location: 2F
1-2: Ball
2-2: Fly out, F7 (Flyball, 78D)
Batting: RHB Ralph Cranford 0-0: Called Strike
0-1: Ball
1-1: Fly out, F6 (Flyball, 6D)
Batting: LHB Cris Gonzáles 0-0: Ball
1-0: Swinging Strike
1-1: Foul Ball, location: 2F
1-2: Strikes out swinging
Bottom of the 6th over - 0 runs, 0 hits, 0 errors, 0 left on base; D.C. 6 - Wizarding 6
TOP OF THE 7TH
D.C. Divided batting - Pitching for Wizarding Express : RHP Marv Bradford
Batting: LHB Obidiah Lewis 0-0: Called Strike
0-1: Ball
1-1: Ball
2-1: Ball
3-1: Foul Ball, location: 2F
3-2: SOLO HOME RUN (Flyball, 89XD), Distance : 384 ft
Batting: RHB Julián Salcido 0-0: Foul Ball, location: 2F
0-1: Ball
1-1: Called Strike
1-2: SINGLE (Groundball, 34S) (infield hit)
Batting: RHB Nick Boyd 0-0: Ball
1-0: Bunt - Flyout! F1
Batting: RHB Tony Romero 0-0: Ball
1-0: Ball
2-0: Called Strike
2-1: Swinging Strike
2-2: SINGLE (Groundball, 6MD)
Julián Salcido to second
Batting: LHB Elmer Hudgins 0-0: Swinging Strike
0-1: Called Strike
0-2: Ball
1-2: Foul Ball, location: 2F
1-2: SINGLE (Groundball, 4MD)
Julián Salcido to third
Tony Romero to second
Runner from 3rd tries for Home, SAFE, no throw
Pitching: RHP Marcos Oquendo
Batting: RHB Roberto Maestas 0-0: Called Strike
0-1: Ball
1-1: Ball
2-1: Foul Ball, location: 2F
2-2: Fly out, F7 (Line Drive, 7)
Batting: RHB Arturo Rodríguez 0-0: Ball
1-0: Ball
2-0: Foul Ball, location: 2F
2-1: Ball
3-1: Called Strike
3-2: Foul Ball, location: 2F
3-2: Base on Balls
Tony Romero to third
Elmer Hudgins to second
Pinch Hitting: LHB Yao-pang Chiang 0-0: Ball
1-0: Called Strike
1-1: Swinging Strike
1-2: Foul Ball, location: 2F
1-2: Foul Ball, location: 2F
1-2: Foul Ball, location: 2F
1-2: Foul Ball, location: 2F
1-2: GRAND SLAM HOME RUN (Flyball, 9LD), Distance : 328 ft
Batting: RHB Mario Castillo 0-0: Ball
1-0: Foul Ball, location: 2F
1-1: Foul Ball, location: 2F
1-2: Ball
2-2: Foul Ball, location: 2F
2-2: Ball
3-2: SOLO HOME RUN (Flyball, 78XD), Distance : 446 ft
Batting: LHB Obidiah Lewis 0-0: Ball
1-0: Called Strike
1-1: Foul Ball, location: 2F
1-2: Ball
2-2: SINGLE (Line Drive, 8RS)
Batting: RHB Julián Salcido 0-0: Ball
1-0: Swinging Strike
1-1: Ball
2-1: Ball
3-1: Called Strike
3-2: Foul Ball, location: 2F
3-2: Base on Balls
Obidiah Lewis to second
Batting: RHB Nick Boyd 0-0: Ball
1-0: Foul Ball, location: 2F
1-1: Foul Ball, location: 2F
1-2: Ball
2-2: Ball
3-2: SINGLE (Groundball, 34D)
Obidiah Lewis to third
Julián Salcido to second
Obidiah Lewis scores
Julián Salcido to third
Pitching: RHP Biff Tannen
Batting: RHB Tony Romero 0-0: SINGLE (Groundball, 6M) (infield hit)
Julián Salcido scores
Nick Boyd to second
Batting: LHB Elmer Hudgins 0-0: Called Strike
0-1: Foul Ball, location: 2F
0-2: Strikes out swinging
Top of the 7th over - 9 runs, 9 hits, 0 errors, 2 left on base; D.C. 15 - Wizarding 6
BOTTOM OF THE 7TH
Wizarding Express batting - Pitching for D.C. Divided : RHP Jon Dunn
Now in LF: Yao-pang Chiang
Batting: LHB Nathan Tanner 0-0: Called Strike
0-1: Ball
1-1: SINGLE (Groundball, 4MD)
Batting: LHB José Corona 0-0: Ball
1-0: Ball
2-0: Ball
3-0: Called Strike
3-1: Swinging Strike
3-2: Strikes out swinging
Nathan Tanner steals 2nd base
Batter strikes out.
Batting: SHB Salvador Trevino 0-0: Called Strike
0-1: Fly out, F7 (Flyball, 7S)
Batting: RHB Paul Penrice 0-0: Fly out, F8 (Line Drive, 78M)
Bottom of the 7th over - 0 runs, 1 hit, 0 errors, 1 left on base; D.C. 15 - Wizarding 6
TOP OF THE 8TH
D.C. Divided batting - Pitching for Wizarding Express : RHP Biff Tannen
Batting: RHB Roberto Maestas 0-0: Ground out 5-3 (Groundball, 56S)
Batting: RHB Arturo Rodríguez 0-0: Called Strike
0-1: Fly out, F6 (Line Drive, 6M)
Batting: LHB Yao-pang Chiang 0-0: SINGLE (Groundball, 34D) (infield hit)
Batting: RHB Mario Castillo 0-0: Ball
1-0: Swinging Strike
1-1: Foul Ball, location: 2F
1-2: Ball
2-2: Ball
3-2: Strikes out swinging
Top of the 8th over - 0 runs, 1 hit, 0 errors, 1 left on base; D.C. 15 - Wizarding 6
BOTTOM OF THE 8TH
Wizarding Express batting - Pitching for D.C. Divided : RHP Jon Dunn
Batting: RHB Gustavo Mateo 0-0: Foul Ball, location: 2F
0-1: Ball
1-1: Ground out 6-3 (Groundball, 6)
Batting: LHB António Boccanegra 0-0: Ball
1-0: Called Strike
1-1: Foul Ball, location: 2F
1-2: Strikes out swinging
Batting: RHB Frank Grimes 0-0: Called Strike
0-1: Ball
1-1: Fly out, F9 (Flyball, 89M)
Bottom of the 8th over - 0 runs, 0 hits, 0 errors, 0 left on base; D.C. 15 - Wizarding 6
TOP OF THE 9TH
D.C. Divided batting - Pitching for Wizarding Express : RHP Biff Tannen
Batting: LHB Obidiah Lewis 0-0: Ball
1-0: Called Strike
1-1: DOUBLE (Line Drive, 89XD)
Batting: RHB Julián Salcido 0-0: Ball
1-0: Called Strike
1-1: Ground out 4-3 (Groundball, 4M)
Obidiah Lewis to third
Batting: RHB Nick Boyd 0-0: Ball
1-0: Swinging Strike
1-1: Ball
2-1: Foul Ball, location: 2F
2-2: Ball
3-2: Foul Ball, location: 2F
3-2: Foul Ball, location: 2F
3-2: Strikes out swinging
Batting: RHB Tony Romero 0-0: Ball
1-0: Called Strike
1-1: Swinging Strike
1-2: SINGLE (Line Drive, 4)
Obidiah Lewis scores
Batting: LHB Elmer Hudgins 0-0: Called Strike
0-1: Ball
1-1: Ball
2-1: Foul Ball, location: 2F
2-2: Ball
3-2: Reached on error, E4 (Groundball, 4)
Tony Romero to second
Batting: RHB Roberto Maestas 0-0: Ball
1-0: Swinging Strike
1-1: Fly out, F9 (Flyball, 9S)
Top of the 9th over - 1 run, 2 hits, 1 error, 2 left on base; D.C. 16 - Wizarding 6
BOTTOM OF THE 9TH
Wizarding Express batting - Pitching for D.C. Divided : RHP Jon Dunn
Batting: RHB Ralph Cranford 0-0: Ball
1-0: Fly out, F8 (Flyball, 8RXD)
Batting: LHB Cris Gonzáles 0-0: Ball
1-0: Ball
2-0: Ball
3-0: Fly out, F8 (Flyball, 8LD)
Batting: LHB Nathan Tanner 0-0: Called Strike
0-1: Called Strike
0-2: Ball
1-2: Foul Ball, location: 2F
1-2: Foul Ball, location: 2F
1-2: Strikes out looking
Bottom of the 9th over - 0 runs, 0 hits, 0 errors, 0 left on base; D.C. 16 - Wizarding 6
Wednesday, September 19th, 2018 - OOTP Baseball 18.8 Build 76